 Dungeon Crawl Stone Soup version 0.29-a0-857-g9b1aa3ac5b (webtiles) character file.

Game seed: 17796064973484384914

3 LynnLen the Sneak (level 1, -1/10 HPs)
             Began as a Vampire Enchanter on July 17, 2022.
             Slain by a gnoll
             ... wielding a +0 spear
              (5 damage)
             ... on level 1 of the Dungeon.
             The game lasted 00:00:25 (82 turns).

LynnLen the Sneak (Vampire Enchanter)                 Turns: 82, Time: 00:00:26

Health: -1/10      AC:  2    Str:  7    XL:     1   Next: 41%
Magic:  3/3        EV: 12    Int: 17    God:
Gold:   0          SH:  0    Dex: 14    Spells: 4/4 levels left

rFire   . . .      SeeInvis +   a - +1 dagger
rCold   + + .      Faith    .   (no shield)
rNeg    + + +      Spirit   .   b - +0 robe
rPois   ∞          Reflect  .   (no helmet)
rElec   .          Harm     .   (no cloak)
rCorr   .          Rampage  .   (no gloves)
Will    .....                   (no boots)
Stlth   +++++.....              (no amulet)
HPRegen 0.00/turn               (no ring)
MPRegen 0.08/turn               (no ring)

@: bloodless, inhibited regen
A: bloodless, fangs 3, see invisible, vampiric 1
a: Revivify


You were on level 1 of the Dungeon.
You visited 1 branch of the dungeon, and saw 1 of its levels.

Inventory:

Hand Weapons
 a - a +1 dagger (weapon)
Armour
 b - a +0 robe (worn)
Scrolls
 e - a scroll of vulnerability {unknown}
 f - a scroll of enchant weapon {unknown}
Potions
 c - 2 potions of invisibility
 d - a potion of heal wounds {unknown}


   Skills:
 * Level 0.2 Fighting
 * Level 1.2 Short Blades
 + Level 2.2 Dodging
 + Level 4.5 Stealth
 - Level 2.0 Spellcasting
 - Level 4.4 Hexes


You had 4 spell levels left.
You didn't know any spells.
Your spell library contained the following spells:

 Spells                   Type           Power      Damage    Failure   Level
 Confusing Touch          Hex            16%        N/A       10%         3
 Tukima's Dance           Hex            16%        N/A       10%         3
 Ensorcelled Hibernation  Hex/Ice        18%        N/A       12%         2
 Dazzling Flash           Conj/Hex       18%        N/A       24%         3


Dungeon Overview and Level Annotations

Branches:
Dungeon (1/15)

Altars:


Innate Abilities, Weirdness & Mutations

You do not regenerate when monsters are visible.
You are frail without blood (-20% HP).
You can heal yourself when you bite living creatures.
You are immune to poison.
You have razor-sharp teeth.
You have supernaturally acute eyesight. (SInv)
You are afflicted with vampirism.


Message History

You see here a scroll labelled INIROI LANUISY.
Found a scroll labelled JEZYCW IDGHALAK.
The helpless bat fails to defend itself.
You bite the bat, and draw its blood! You impale the bat!!
You kill the bat!
e - a scroll labelled INIROI LANUISY
f - a scroll labelled JEZYCW IDGHALAK You open the door.
A giant cockroach comes into view.
A giant cockroach is nearby!
There is an open door here.
The helpless giant cockroach fails to defend itself.
You impale the giant cockroach!!
You kill the giant cockroach!
You see here a giant cockroach corpse.
A hobgoblin comes into view.
A hobgoblin is nearby!
A gnoll comes into view. It is wielding a +0 spear.
The gnoll shouts!
The hobgoblin shouts!
The hobgoblin hits you.
You hit the hobgoblin.
The hobgoblin is moderately wounded.
The hobgoblin barely misses you.
You closely miss the hobgoblin.
The hobgoblin is moderately wounded.
The hobgoblin barely misses you.
You hit the hobgoblin. Your bite misses the hobgoblin.
The hobgoblin is severely wounded.
The hobgoblin hits you.
You barely miss the hobgoblin.
The hobgoblin is severely wounded.
The hobgoblin barely misses you.
You hit the hobgoblin.
You kill the hobgoblin!
The gnoll barely misses you.
You see here a hobgoblin corpse.
The gnoll hits you from afar with a +0 spear.
Ouch! That really hurt!
You die...

#.......... ........#
##.....#.##
#######.#. ..........
.. ##... ..#
##.......# #.###...
#..
##.#.#######......
...
#.............##.##.#
#.##.###.####.##....#
#.##................#
...........#.#.#@#
..........†...g..#
#......#.#.#.#.###
.#.......#...#.#
##....#........#
#.##.########## #.
#.# # ..


You could see a gnoll.

Vanquished Creatures
  A giant cockroach (D:1)
  A hobgoblin (D:1)
  A bat (D:1)
3 creatures vanquished.

Notes
Turn   | Place    | Note
-------+----------+-------------------------------------------
     0 | D:1      | LynnLen the Vampire Enchanter began the quest for the Orb.
     0 | D:1      | Reached XP level 1. HP: 13/13 MP: 3/3
    82 | D:1      | Slain by a gnoll

Illustrated notes

Levels and vault maps discovered:
D:1:      erik_arrival_blinker_ship, layout_basic,
          minmay_misc_feat_more_columns, skrybe_limestone_x

Action                   || total
-------------------------++-------
Melee: Dagger            ||     7
 Abil: Exsanguinate      ||     1
 Stab: Sleeping          ||     2
Dodge: Dodged            ||     4

Table legend: (Time is in decaauts)
 A = Elapsed time spent in this place.
 B = Non-inter-level travel time spent in this place.
 C = Inter-level travel time spent in this place.
 D = Time resting spent in this place.
 E = Time spent auto-exploring this place.
 F = Levels seen in this place.
 G = Mean time per level.
                   A        B        C        D        E       F      G
               +--------+--------+--------+--------+--------+-----+--------+
         Total |     81 |     81 |      0 |      0 |     29 |   1 |   81.0 |
       Dungeon |     81 |     81 |      0 |      0 |     29 |   1 |   81.0 |
               +--------+--------+--------+--------+--------+-----+--------+

Top non-repeatable levels by time:
     D:1: 81 daAuts
